Cogmind - Beta 14 @@@ ROGUE MODE // 2024.09.17 @ 13:59:58 Player: FreshFromage Result: Destroyed by Lightning with EMDS Performance ------------- Evolutions (4) 2000 Regions Visited (14) 2800 Robots Destroyed (207) 1035 Value Destroyed (7714) 7714 Prototype IDs (16) 320 Alien Tech Used (0) 0 Bonus (4730) 4730 TOTAL SCORE: 18599 Bonus ------- High Alert Combat Kills 1183 Follower Combat Kills 2491 Network Hubs Disabled 400 Met Data Miner 300 Built Enhanced Grunts 300 Met R17 at Cetus 500 Friendly Fire -444 Cogmind --------- Core Integrity 0/850 Matter 285/300 Energy 98/100 System Corruption 13% Temperature Cool (0) Movement Core (50) Location -6/Hub_04(d) Parts ------- > --- POWER (1) -------- (None) > --- PROPULSION (5) --- (None) > --- UTILITY (7) ------ (None) > --- WEAPON (2) ------- (None) > --- INVENTORY (5) ---- Antimatter Reactor Improved Titanium Leg Enhanced Flexi-carbon Leg Heavy Laser Phase Cannon Peak State ------------ > --- POWER ------------ Quantum Reactor > --- PROPULSION ------- Carbon-fiber Leg Flexi-carbon Leg Flexi-carbon Leg Enhanced Flexi-carbon Leg Enhanced Flexi-carbon Leg > --- UTILITY ---------- Improved Cooling System Large Storage Unit Advanced Signal Interpreter Advanced Targeting Computer Advanced Particle Charger Phase Shifter Centrium Medium Armor Plating > --- WEAPON ----------- Neutron Cannon Neutron Cannon > --- INVENTORY -------- Fission Core Antimatter Reactor Quantum Reactor Carbon-fiber Leg Improved Titanium Leg Improved Titanium Leg Improved Titanium Leg Flexi-carbon Leg Flexi-carbon Leg Enhanced Flexi-carbon Leg Energy Well Improved Sensor Array Advanced Terrain Scan Processor Transmission Jammer Heavy Rocket Launcher [Rating: 91] Favorites ----------- Power Cold Fusion Reactor Engine Improved Ion Engine Reactor Cold Fusion Reactor Propulsion Carbon-fiber Leg Leg Carbon-fiber Leg Wheel Armored Wheel Utility Large Storage Unit Device Improved Sensor Array Storage Large Storage Unit Processor Advanced Targeting Computer Protection Reactive Plating Weapon Gatling Laser Energy Gun Gatling Laser Energy Cannon Heavy Phase Cannon Ballistic Gun High-powered Shotgun Launcher Heavy Rocket Launcher Build | -11 -10 -9 -8 -8 -7 -7 -7 -7 -6 -6 -6 -6 -6 -6 ------- Run | Yrd Mat Mat Mat Sto Fac Low Low Dat Pro Fac Ext Cet Arc Hub Slots Evolved 8 | . . 2 2 . 2 . . . . 2 . . . . Power . | . . . . . . . . . . . . . . . Propulsion 3 | . . 1 1 . 1 . . . . . . . . . Utility 5 | . . 1 1 . 1 . . . . 2 . . . . Weapon . | . . . . . . . . . . . . . . . Parts Attached 266 | 6 28 32 28 27 8 14 3 . 11 35 41 16 . 17 Power 14 | 1 2 3 3 2 . . . . . 2 . 1 . . Engine 12 | 1 2 3 3 1 . . . . . 2 . . . . Core . | . . . . . . . . . . . . . . . Reactor 2 | . . . . 1 . . . . . . . 1 . . Propulsion 69 | 2 5 9 8 7 3 . 1 . . 8 14 8 . 4 Treads . | . . . . . . . . . . . . . . . Leg 67 | 2 4 8 8 7 3 . 1 . . 8 14 8 . 4 Wheel 2 | . 1 1 . . . . . . . . . . . . Hover . | . . . . . . . . . . . . . . . Flight . | . . . . . . . . . . . . . . . Utility 111 | 1 9 13 11 15 4 6 2 . 5 19 13 4 . 9 Device 77 | . 3 5 7 13 3 5 1 . 5 14 11 3 . 7 Storage 2 | 1 1 . . . . . . . . . . . . . Processor 3 | . . . 1 . 1 . . . . 1 . . . . Hackware . | . . . . . . . . . . . . . . . Protection 29 | . 5 8 3 2 . 1 1 . . 4 2 1 . 2 Artifact . | . . . . . . . . . . . . . . . Weapon 72 | 2 12 7 6 3 1 8 . . 6 6 14 3 . 4 Energy Gun 23 | . 1 . 2 2 1 4 . . 3 3 4 1 . 2 Energy Cannon 17 | . . . 2 . . 2 . . 2 3 5 2 . 1 Ballistic Gun 18 | 2 8 6 2 . . . . . . . . . . . Ballistic Cannon . | . . . . . . . . . . . . . . . Launcher 14 | . 3 1 . 1 . 2 . . 1 . 5 . . 1 Special Weapon . | . . . . . . . . . . . . . . . Impact Weapon . | . . . . . . . . . . . . . . . Slashing Weapon . | . . . . . . . . . . . . . . . Piercing Weapon . | . . . . . . . . . . . . . . . Special Melee Weapon . | . . . . . . . . . . . . . . . Unidentified Prototypes 6 | . 1 1 . 1 . . . . . . . 3 . . Corrupted Parts 3 | . . . . . . . . . . . 2 1 . . System Corruption 3 | . . . . . . . . . . . 2 1 . . Parts Lost 28 | . . 4 1 . . . . . . 4 2 3 . 14 Power 4 | . . 1 1 . . . . . . 1 . . . 1 Propulsion 9 | . . 2 . . . . . . . 1 . . . 6 Utility 8 | . . 1 . . . . . . . . 2 1 . 4 Weapon 7 | . . . . . . . . . . 2 . 2 . 3 Highest Loss Streak 10 | . . 3 1 . . . . . . 4 1 2 . 10 To Critical Strikes . | . . . . . . . . . . . . . . . Average Slot Usage (%) 98 | . 99 95 98 99 100 100 100 100 100 99 99 99 100 97 Engine 5 | . 14 10 8 2 . . . . . 2 6 . . . Reactor 2 | . . . . 6 7 7 7 7 7 3 . 5 6 5 Leg 32 | . 23 24 35 35 38 38 38 38 38 32 33 33 33 32 Wheel 1 | . 4 5 . . . . . . . . . . . . Device 9 | . 4 5 8 8 7 6 6 7 7 13 13 16 20 17 Storage 8 | . 14 11 9 9 7 7 7 7 7 6 6 6 6 5 Processor 9 | . . . 8 9 15 15 15 15 15 13 13 13 13 12 Protection 10 | . 8 15 9 9 7 7 7 7 7 12 11 8 6 7 Energy Gun 6 | . . . 8 10 15 14 15 15 13 10 4 5 . 1 Energy Cannon 3 | . . . 4 7 . . . . . 2 7 6 13 10 Ballistic Gun 6 | . 27 21 4 . . . . . . . . . . . Peak Build Rating 91 | 6 14 20 34 40 49 51 50 50 52 61 74 91 91 91 Average Rating 43 | 5 8 17 30 36 46 49 50 50 50 57 66 81 91 84 On Entrance 45 | . 6 13 18 34 39 49 50 50 50 50 60 74 91 91 Naked Turns 9 | . . . . . . . . . . . . . . 9 Heaviest Build 76 | 11 36 50 50 54 52 57 54 45 51 62 71 76 73 73 Greatest Support 116 | 20 20 33 58 58 85 85 85 85 85 85 95 111 111 116 Greatest Overweight (x) 3 | 1 2 3 1 1 . . . . . . . . . . Average Overweight (x) . | . . 2 . . . . . . . . . . . . Largest Inventory Capacity 15 | 8 15 15 15 15 15 15 15 15 15 15 15 15 15 15 Average Capacity 14 | 7 10 15 15 15 15 15 15 15 15 15 15 15 15 14 Most Carried 15 | 4 15 15 15 15 15 15 15 15 15 15 15 15 15 15 Average Carried 14 | 2 9 14 14 14 14 15 15 15 15 14 14 14 15 14 Final Capacity 15 | 8 15 15 15 15 15 15 15 15 15 15 15 15 15 5 Final Carried 15 | 4 15 15 15 15 15 15 15 15 15 15 15 15 15 5 Class Distribution -------------------- 67% | Mutant 24% | Scavenger-Mutant 7% | Commander-Mutant Dominant Class ---------------- Mutant | -10/Materials Mutant | -9/Materials Mutant | -8/Materials Mutant | -8/Storage Mutant | -7/Factory Mutant | -7/Lower Caves Mutant | -7/Lower Caves Mutant | -7/Data Miner Mutant | -6/Proximity Caves Mutant | -6/Factory Scavenger-Mutant | -6/Extension Scavenger-Mutant | -6/Cetus Scavenger-Mutant | -6/Archives Scavenger-Mutant | -6/Hub_04(d) Resources | -11 -10 -9 -8 -8 -7 -7 -7 -7 -6 -6 -6 -6 -6 -6 ----------- Run | Yrd Mat Mat Mat Sto Fac Low Low Dat Pro Fac Ext Cet Arc Hub Matter Collected 4597 | 252 610 1047 660 319 . 337 30 . 162 262 661 157 . 100 Remotely . | . . . . . . . . . . . . . . . Salvage Created 8260 | . 692 1062 865 738 39 289 53 . 255 1034 2134 290 183 626 Parts 391 | . 46 85 42 35 1 9 2 . 12 35 87 6 10 21 Haulers Intercepted 4 | . 2 . 2 . . . . . . . . . . . Recyclers Shooed 9 | . . 4 1 . . . . . . 3 1 . . . Parts Field Recycled . | . . . . . . . . . . . . . . . Retrieved Matter . | . . . . . . . . . . . . . . . Parts Self-Destructed 20 | . . . . . . 11 1 . 8 . . . . . Prevented . | . . . . . . . . . . . . . . . Kills | -11 -10 -9 -8 -8 -7 -7 -7 -7 -6 -6 -6 -6 -6 -6 ------- Run | Yrd Mat Mat Mat Sto Fac Low Low Dat Pro Fac Ext Cet Arc Hub Combat Hostiles Destroyed 154 | . 18 31 12 15 1 10 1 . 10 10 30 5 . 11 Guns 84 | . 14 28 10 10 1 4 1 . 6 5 4 1 . . Cannons 35 | . . . 1 3 . . . . . 4 16 1 . 10 AOE 26 | . 4 3 . 2 . 5 . . 3 . 9 . . . Classes Destroyed 17 | . 5 4 1 . 1 1 . . . 2 2 . . 1 Worker 5 | . . 1 3 . . . . . . 1 . . . . Builder 3 | . 1 1 . . . . . . . . . . . 1 Tunneler 1 | . . . . . . . . . . 1 . . . . Hauler 4 | . 2 . 2 . . . . . . . . . . . Recycler 11 | . . 2 1 1 . . . . . 3 4 . . . Mechanic 2 | . . . . . . . . . . 1 1 . . . Operator 11 | . . 1 . . . . . . . . 1 . 9 . Watcher 15 | . 3 4 3 . . . . . . 3 1 . . 1 Swarmer 31 | . 6 11 . . . 1 . . 7 . 6 . . . Grunt 73 | . 12 14 4 6 . 7 . . 2 8 13 . . 7 Brawler 2 | . . . . . . 1 . . . . 1 . . . Duelist 1 | . . . . . . . . . . . 1 . . . Protector 1 | . . . . . . . . . . . 1 . . . Sentry 28 | . . 6 4 7 . 1 . . 1 . 7 . . 2 Specialist 1 | . . . . . . . . . . . . . . 1 Hunter 9 | . . . 4 2 . . 1 . . . . 2 . . Programmer 5 | . . . . . 1 . . . . 2 1 . . 1 Cetus Guard 3 | . . . . . . . . . . . . 3 . . Thug 1 | . . . . . . . . . . . 1 . . . Best Kill Streak 8 | . 4 5 2 4 1 4 1 . 4 8 6 2 7 5 Combat Bots Only 6 | . 4 4 2 4 1 4 1 . 4 4 6 2 . 5 Max Kills in Single Turn 4 | . 3 3 2 2 1 3 1 . 2 2 4 1 1 1 Gunslinging 1 | . 1 . . 1 . . . . 1 . . . . . Exploded 4 | . 2 2 . 2 . 3 . . 1 . 4 . . . Melee . | . . . . . . . . . . . . . . . Uniques/NPCs Destroyed . | . . . . . . . . . . . . . . . Combat | -11 -10 -9 -8 -8 -7 -7 -7 -7 -6 -6 -6 -6 -6 -6 -------- Run | Yrd Mat Mat Mat Sto Fac Low Low Dat Pro Fac Ext Cet Arc Hub Hostile Shots Fired 951 | . 66 130 64 38 16 43 4 . 107 54 242 40 10 137 Missed 299 | . 17 32 16 13 9 17 1 . 41 12 86 16 3 36 Damage Taken 9406 | . 624 1285 695 364 73 369 43 . 601 794 1614 653 171 2120 Core 1421 | . 124 122 76 51 18 34 18 . 98 166 119 16 . 579 Absorbed by Shields 473 | . . . . . . . . . 72 . 401 . . . Redirected to Shielding 38 | . 38 . . . . . . . . . . . . . Ignored by Resistances 274 | . . 78 78 37 4 . 13 . . . 64 . . . Regen/Repaired (Parts) 771 | . . 223 119 194 . . . . . 235 . . . . Core Remaining (%) 74 | 100 50 69 . 76 . . . . 76 . . . . . Volleys Fired 559 | . 66 92 48 45 4 23 2 . 37 42 87 25 31 57 Largest 2 | . 2 2 2 2 2 2 2 . 2 2 2 2 2 2 Hottest 180 | . 60 53 160 160 160 160 160 . 160 170 180 171 180 180 Shots Fired 976 | . 127 183 87 76 8 30 4 . 50 71 152 43 59 86 Gun 583 | . 121 181 74 35 8 14 4 . 26 44 45 27 . 4 Cannon 359 | . . . 13 40 . 7 . . 20 27 96 16 59 81 Launcher 34 | . 6 2 . 1 . 9 . . 4 . 11 . . 1 Special . | . . . . . . . . . . . . . . . Kinetic 328 | . 121 181 26 . . . . . . . . . . . Thermal 614 | . . . 61 75 8 21 4 . 46 71 141 43 59 85 Explosive 34 | . 6 2 . 1 . 9 . . 4 . 11 . . 1 Electromagnetic . | . . . . . . . . . . . . . . . Robot Hit Streak 31 | . 7 14 31 10 3 15 24 . 28 29 18 17 9 15 Robot Miss Streak 9 | . 4 8 5 9 1 2 . . 3 2 4 4 2 2 Penetration Max . | . . . . . . . . . . . . . . . Secondary Targets 8 | . 1 2 . 1 . 1 . . 3 . . . . . Max Gunslinging Chain 1 | . 1 1 . 1 . 1 . . 1 . . . . . Shots Hit Robots 645 | . 64 123 68 47 7 20 3 . 26 60 105 32 39 51 Core Hits 417 | . 39 62 47 34 2 26 3 . 21 54 80 12 17 20 Critical Kills 4 | . . . . 1 . . . . . . 1 1 . 1 Critical Parts Destroyed 1 | . . 1 . . . . . . . . . . . . Critical Strikes 16 | . . 1 . 1 . . . . . . 5 8 . 1 Burn 11 | . . . . . . . . . . . 4 7 . . Meltdown 4 | . . . . 1 . . . . . . 1 1 . 1 Destroy 1 | . . 1 . . . . . . . . . . . . Melee Attacks . | . . . . . . . . . . . . . . . Impact . | . . . . . . . . . . . . . . . Slashing . | . . . . . . . . . . . . . . . Piercing . | . . . . . . . . . . . . . . . Sneak Attacks . | . . . . . . . . . . . . . . . Combat Hostiles . | . . . . . . . . . . . . . . . Follow-up Attacks . | . . . . . . . . . . . . . . . Damage Inflicted 21721 | . 1234 2410 1616 1375 212 1241 81 . 882 1931 5521 1024 2130 2064 Guns 8760 | . 745 2212 1330 774 212 311 81 . 591 1177 740 569 . 18 Cannons 8011 | . . . 227 412 . . . . . 683 2658 455 1752 1824 Explosions 4646 | . 483 198 . 144 . 930 . . 291 . 2123 . 315 162 Melee . | . . . . . . . . . . . . . . . Ramming 304 | . 6 . 59 45 . . . . . 71 . . 63 60 Kinetic 3235 | . 745 2212 278 . . . . . . . . . . . Thermal 13827 | . . . 1279 1186 212 311 81 . 591 1860 3398 1024 2043 1842 Explosive 4331 | . 483 198 . 144 . 930 . . 291 . 2123 . . 162 Electromagnetic 24 | . . . . . . . . . . . . . 24 . Impact . | . . . . . . . . . . . . . . . Slashing . | . . . . . . . . . . . . . . . Piercing . | . . . . . . . . . . . . . . . Highest Corruption 13 | . 2 . . 3 . . . . . 3 2 3 3 13 Average Corruption 2 | . 2 . . 2 . . . . . 2 1 2 3 3 Corruption Purged 3 | . . . . . . . . . . 3 . . . . Corruption Blocked . | . . . . . . . . . . . . . . . Effects 73 | . 17 . . 12 . . . . . 5 19 2 10 8 Message Errors 10 | . 3 . . 2 . . . . . 1 1 . 2 1 Matter Fused 18 | . 5 . . 4 . . . . . 1 4 1 1 2 Heat Flow Errors 9 | . 3 . . 2 . . . . . 1 1 . . 2 Energy Discharges 7 | . 2 . . 1 . . . . . 1 1 1 1 . Parts Rejected 2 | . . . . 1 . . . . . . . . . 1 Parts Fused 1 | . . . . . . . . . . . 1 . . . Data Loss (minor) 11 | . 2 . . 2 . . . . . . 4 . 2 1 Data Loss (major) 4 | . . . . . . . . . . 1 2 . 1 . Misfires 5 | . . . . . . . . . . . 4 . . 1 Alerts 1 | . . . . . . . . . . . 1 . . . Weapon Failures 5 | . 2 . . . . . . . . . . . 3 . Overload Shots . | . . . . . . . . . . . . . . . Overflow Damage 541 | . . 6 . 17 . . . . 10 11 152 . 189 156 Projectiles 363 | . . . . 11 . . . . . 11 87 . 98 156 Explosions 177 | . . 6 . 6 . . . . 10 . 65 . 90 . Melee 1 | . . . . . . . . . . . . . 1 . Knockbacks 4 | . 1 . 2 . . . . . . . . . . 1 Impact 4 | . 1 . 2 . . . . . . . . . . 1 Kinetic . | . . . . . . . . . . . . . . . Secondary . | . . . . . . . . . . . . . . . Self-Inflicted Damage 44 | . . . . . . 44 . . . . . . . . Shots 1 | . . . . . . 1 . . . . . . . . Rammed . | . . . . . . . . . . . . . . . Targets Rammed 32 | . 3 1 4 5 . . . . . 6 . . 6 7 Kicked 32 | . 3 1 4 5 . . . . . 6 . . 6 7 Crushed . | . . . . . . . . . . . . . . . Highest Temperature 490 | . 228 235 277 485 12 128 174 . 302 277 490 168 4 209 Average Temperature 69 | . 58 45 51 86 5 37 95 . 83 62 110 57 4 52 Received Heat Transfer 2881 | . 246 564 225 153 12 201 . . 147 327 520 63 36 387 Effects 5 | . . . . 1 . . . . . . 4 . . . Shutdowns 1 | . . . . 1 . . . . . . . . . . Energy Bleed 3 | . . . . . . . . . . . 3 . . . Short Circuit 1 | . . . . . . . . . . . 1 . . . Siege Activations . | . . . . . . . . . . . . . . . Robots Corrupted 1 | . . . . . . . . . . . . . 1 . Combat Hostiles . | . . . . . . . . . . . . . . . Parts Fried . | . . . . . . . . . . . . . . . Impact Corruptions 2 | . . . . . . . . . . . . . 2 . Robots Melted 10 | . . . 1 1 . 1 . . 1 1 1 3 . 1 Combat Hostiles 9 | . . . 1 . . 1 . . 1 1 1 3 . 1 Parts Melted 41 | . . . 5 6 . 1 1 . 1 6 11 6 . 4 Heat Transferred 17727 | . . . 2708 2317 375 700 175 . 1350 3303 4094 1702 300 703 Parts Sabotaged . | . . . . . . . . . . . . . . . Parts Stolen . | . . . . . . . . . . . . . . . Parts Stripped . | . . . . . . . . . . . . . . . Power Chain Reactions 4 | . . . . . . . . . . . . . 4 . Alert | -11 -10 -9 -8 -8 -7 -7 -7 -7 -6 -6 -6 -6 -6 -6 ------- Run | Yrd Mat Mat Mat Sto Fac Low Low Dat Pro Fac Ext Cet Arc Hub Peak Influence 1696 | . 346 449 197 633 243 . . . . 482 1696 1251 697 906 Initial 949 | . . 130 111 40 215 . . . . 9 193 949 420 243 Average 303 | . 156 241 111 154 219 . . . . 181 533 1113 637 661 Maximum Alert Level 5 | . 1 2 . 2 1 . . . . 2 5 4 2 3 Low Security (%) 48 | 100 58 32 100 77 8 . . . . 56 18 . . . Level 1 28 | . 41 62 . 4 91 . . . . 21 49 . . 2 Level 2 12 | . . 5 . 17 . . . . . 22 3 . 100 57 Level 3 5 | . . . . . . . . . . . 13 42 . 39 Level 4 4 | . . . . . . . . . . . 13 57 . . Level 5 . | . . . . . . . . . . . 1 . . . High Security . | . . . . . . . . . . . . . . . Max Security . | . . . . . . . . . . . . . . . Squads Dispatched 40 | . 3 6 2 5 . . . . . 5 9 3 . 7 Investigation 14 | . 2 3 . 1 . . . . . 2 1 3 . 2 Extermination 4 | . . . . . . . . . . 2 . . . 2 Reinforcement 16 | . 1 3 2 4 . . . . . . 4 . . 2 Assault 6 | . . . . . . . . . . 1 4 . . 1 Garrison . | . . . . . . . . . . . . . . . Intercept . | . . . . . . . . . . . . . . . Searches Triggered . | . . . . . . . . . . . . . . . Data Miner Redirects 5 | . . . . . . . . . . 1 3 . . 1 Construction Impeded 2 | . . . . . . . . . . . 2 . . . Haulers Reinforced . | . . . . . . . . . . . . . . . Active Scanning Responses . | . . . . . . . . . . . . . . . Cargo Convoy Interrupts . | . . . . . . . . . . . . . . . Stealth | -11 -10 -9 -8 -8 -7 -7 -7 -7 -6 -6 -6 -6 -6 -6 --------- Run | Yrd Mat Mat Mat Sto Fac Low Low Dat Pro Fac Ext Cet Arc Hub Distress Signals 14 | . 1 1 4 4 . . . . . . . 2 . 2 Communications Jammed 1 | . . . . . . . . . . 1 . . . . Distress Signals 1 | . . . . . . . . . . 1 . . . . Times Spotted 309 | . 24 42 23 29 3 14 1 . 11 17 81 13 17 34 Peak Tracking Total 16 | . 4 6 3 5 2 4 1 . 4 4 6 5 2 16 Tactical Retreats 16 | . 3 1 3 1 . 2 . . 1 2 2 . . 1 Traps | -11 -10 -9 -8 -8 -7 -7 -7 -7 -6 -6 -6 -6 -6 -6 ------- Run | Yrd Mat Mat Mat Sto Fac Low Low Dat Pro Fac Ext Cet Arc Hub Traps Triggered 14 | . 5 3 1 4 . . . . . 1 . . . . Indirectly . | . . . . . . . . . . . . . . . Trap Hack Attempts . | . . . . . . . . . . . . . . . Triggered . | . . . . . . . . . . . . . . . Disarmed . | . . . . . . . . . . . . . . . Reprogrammed . | . . . . . . . . . . . . . . . Reused . | . . . . . . . . . . . . . . . Traps Extracted . | . . . . . . . . . . . . . . . Installed . | . . . . . . . . . . . . . . . Triggered 5 | . . . . . . 3 . . 1 . . . . 1 Machines | -11 -10 -9 -8 -8 -7 -7 -7 -7 -6 -6 -6 -6 -6 -6 ---------- Run | Yrd Mat Mat Mat Sto Fac Low Low Dat Pro Fac Ext Cet Arc Hub Machines Disabled 25 | . 1 1 . 1 . . . . . 3 9 . 3 7 Max in Single Turn 2 | . 1 1 . 1 . . . . . 2 2 . 1 1 Garrison Access 4 | . . . 1 1 . . . . . 1 . . . 1 Network Hub 2 | . . . . . . . . . . . . . . 2 Machines Repaired . | . . . . . . . . . . . . . . . Machines Dismantled . | . . . . . . . . . . . . . . . Machines Sabotaged 1 | . . . . . . . . . . . . . . 1 Overloaded Fab Kills . | . . . . . . . . . . . . . . . Hacking | -11 -10 -9 -8 -8 -7 -7 -7 -7 -6 -6 -6 -6 -6 -6 --------- Run | Yrd Mat Mat Mat Sto Fac Low Low Dat Pro Fac Ext Cet Arc Hub Machines Accessed 66 | . 8 12 10 10 1 1 . 4 . 7 6 3 . 4 Terminals 43 | . 7 9 7 7 . . . . . 3 4 3 . 3 Fabricators 1 | . . . . . 1 . . . . . . . . . Repair Stations 8 | . . 1 2 2 . . . . . 3 . . . . Recycling Units 5 | . 1 2 . . . . . . . . 2 . . . Scanalyzers . | . . . . . . . . . . . . . . . Garrison Access 4 | . . . 1 1 . . . . . 1 . . . 1 Total Hacks 195 | . 28 39 29 23 1 1 . 32 . 13 9 8 . 12 Successful 118 | . 12 28 17 13 1 1 . 32 . 6 2 . . 6 Failed 76 | . 15 11 12 10 . . . . . 7 7 8 . 6 Catastrophic 16 | . 1 . 2 1 . . . . . 2 2 5 . 3 Database Lockouts 1 | . 1 . . . . . . . . . . . . . Manual 84 | . 20 30 16 9 . . . . . 1 3 1 . 4 Terminals 113 | . 27 28 16 13 . . . . . 6 6 8 . 9 Fabricators 1 | . . . . . 1 . . . . . . . . . Repair Stations 34 | . . 7 12 9 . . . . . 6 . . . . Recycling Units 8 | . 1 4 . . . . . . . . 3 . . . Scanalyzers . | . . . . . . . . . . . . . . . Garrison Access 6 | . . . 1 1 . . . . . 1 . . . 3 Terminal Hacks 56 | . 5 9 . 3 . 1 . 32 . 1 1 . . 4 Record 11 | . . . . . . . . 11 . . . . . . Part Schematic 12 | . . . . . . . . 12 . . . . . . Robot Schematic 6 | . . . . . . . . 6 . . . . . . Robot Analysis 5 | . 3 2 . . . . . . . . . . . . Prototype ID Bank 3 | . . . . . . . . 3 . . . . . . Open Door 4 | . . . . 2 . 1 . . . 1 . . . . Emergency Access Points 2 | . . . . . . . . . . . . . . 2 Terminal Index 1 | . . 1 . . . . . . . . . . . . Recycling Unit Index 1 | . . 1 . . . . . . . . . . . . Alert Level 2 | . . 2 . . . . . . . . . . . . Unreport Threat 5 | . . 2 . 1 . . . . . . 1 . . 1 Locate Traps 2 | . 1 1 . . . . . . . . . . . . Investigation Status 1 | . 1 . . . . . . . . . . . . . Zone Layout 1 | . . . . . . . . . . . . . . 1 Fabricator Hacks 1 | . . . . . 1 . . . . . . . . . Build 1 | . . . . . 1 . . . . . . . . . Repair Station Hacks 25 | . . 6 9 6 . . . . . 4 . . . . Scan Component 14 | . . 3 5 4 . . . . . 2 . . . . Repair 11 | . . 3 4 2 . . . . . 2 . . . . Recycling Unit Hacks 1 | . . . . . . . . . . . 1 . . . Retrieve Components 1 | . . . . . . . . . . . 1 . . . Scanalyzer . | . . . . . . . . . . . . . . . Garrison Access Hacks 2 | . . . 1 1 . . . . . . . . . . Seal Access 2 | . . . 1 1 . . . . . . . . . . Unauthorized Hacks 33 | . 7 13 7 3 . . . . . 1 . . . 2 Terminals 28 | . 6 11 7 3 . . . . . . . . . 1 Track 1 | . . . 1 . . . . . . . . . . . Botnet 7 | . 2 4 1 . . . . . . . . . . . Skim 19 | . 4 7 5 3 . . . . . . . . . . Sabotage 1 | . . . . . . . . . . . . . . 1 Fabricators . | . . . . . . . . . . . . . . . Repair Stations . | . . . . . . . . . . . . . . . Recycling Units 3 | . 1 2 . . . . . . . . . . . . Tunnel 3 | . 1 2 . . . . . . . . . . . . Scanalyzers . | . . . . . . . . . . . . . . . Garrison Access 2 | . . . . . . . . . . 1 . . . 1 Jam 2 | . . . . . . . . . . 1 . . . 1 Data Cores Recovered . | . . . . . . . . . . . . . . . Used . | . . . . . . . . . . . . . . . Hacking Detections 51 | . 7 11 9 8 . . . . . 4 5 3 . 4 Full Trace Events 6 | . . . . 2 . . . . . 1 . 3 . . Feedback Events 1 | . . . . 1 . . . . . . . . . . Corruption 1 | . . . . 1 . . . . . . . . . . Feedback Blocked . | . . . . . . . . . . . . . . . Robot Schematics Acquired 6 | . . . . . . . . 6 . . . . . . Robots Built . | . . . . . . . . . . . . . . . Authchips . | . . . . . . . . . . . . . . . Time . | . . . . . . . . . . . . . . . Total Robot Build Rating . | . . . . . . . . . . . . . . . Part Schematics Acquired 12 | . . . . . . . . 12 . . . . . . Parts Built 2 | . . . . . 2 . . . . . . . . . Authchips . | . . . . . . . . . . . . . . . Time 53 | . . . . . 53 . . . . . . . . . Total Part Build Rating 12 | . . . . . 12 . . . . . . . . . Parts Repaired 11 | . . 3 4 2 . . . . . 2 . . . . Time 382 | . . 96 122 82 . . . . . 82 . . . . Parts Recycled . | . . . . . . . . . . . . . . . Recycled Matter . | . . . . . . . . . . . . . . . Retrieved Matter . | . . . . . . . . . . . . . . . Retrieved Components 2 | . . . . . . . . . . . 2 . . . Parts Scanalyzed . | . . . . . . . . . . . . . . . Part Schematics Acquired . | . . . . . . . . . . . . . . . Parts Damaged . | . . . . . . . . . . . . . . . Bothacking | -11 -10 -9 -8 -8 -7 -7 -7 -7 -6 -6 -6 -6 -6 -6 ------------ Run | Yrd Mat Mat Mat Sto Fac Low Low Dat Pro Fac Ext Cet Arc Hub Used RIF Installer . | . . . . . . . . . . . . . . . Robots Hacked . | . . . . . . . . . . . . . . . Non-combat . | . . . . . . . . . . . . . . . Combat . | . . . . . . . . . . . . . . . Robot Hacks Applied . | . . . . . . . . . . . . . . . Relay Couplers Released . | . . . . . . . . . . . . . . . Fabnet Peak Effective % . | . . . . . . . . . . . . . . . Robots Rewired 23 | . . . . . . . . . . . 23 . . . Allies Hacked . | . . . . . . . . . . . . . . . Hacks Repelled . | . . . . . . . . . . . . . . . Allies | -11 -10 -9 -8 -8 -7 -7 -7 -7 -6 -6 -6 -6 -6 -6 -------- Run | Yrd Mat Mat Mat Sto Fac Low Low Dat Pro Fac Ext Cet Arc Hub Total Allies 43 | . . . . 10 . . . . . . 28 5 . . Largest Group 12 | . . . . 10 5 1 . . . . 12 8 4 3 Highest-Rated Group 543 | . . . . 173 77 16 . . . . 451 543 292 274 Highest-Rated Ally 159 | . . . . 29 16 16 . . . . 159 133 96 96 Total Orders . | . . . . . . . . . . . . . . . Ally Attacks 553 | . . . . 99 16 4 . . . . 329 68 19 18 Total Damage 11179 | . . . . 1104 155 47 . . . . 6367 2352 587 567 Kills 72 | . . . . 13 1 1 . . . . 44 8 4 1 Allies Corrupted . | . . . . . . . . . . . . . . . Allies Melted 1 | . . . . . . . . . . . 1 . . . Intel | -11 -10 -9 -8 -8 -7 -7 -7 -7 -6 -6 -6 -6 -6 -6 ------- Run | Yrd Mat Mat Mat Sto Fac Low Low Dat Pro Fac Ext Cet Arc Hub Robot Analysis Total 5 | . 3 2 . . . . . . . . . . . . Derelict Logs Recovered 2 | . . . . . . 1 . . 1 . . . . . Drone Launches . | . . . . . . . . . . . . . . . Drone Recoveries . | . . . . . . . . . . . . . . . Exploration | -11 -10 -9 -8 -8 -7 -7 -7 -7 -6 -6 -6 -6 -6 -6 ------------- Run | Yrd Mat Mat Mat Sto Fac Low Low Dat Pro Fac Ext Cet Arc Hub Turns Passed 15256 | 73 1421 2180 1814 1663 223 963 397 98 1104 1725 2149 423 355 668 Spaces Moved 8347 | 49 860 932 901 678 143 603 312 80 750 1029 1214 238 181 377 Core 24 | 4 . . . . . . . . . . . . . 20 Treads . | . . . . . . . . . . . . . . . Legs 7566 | 45 581 454 901 678 143 603 312 80 750 1029 1214 238 181 357 Wheels 757 | . 279 478 . . . . . . . . . . . . Hover . | . . . . . . . . . . . . . . . Flight . | . . . . . . . . . . . . . . . Fastest Speed 50 | 50 120 120 120 112 114 124 124 124 124 122 120 120 120 50 Average Speed 125 | 124 120 161 120 114 121 124 124 124 124 123 120 120 120 116 Slowest Speed 330 | 190 120 330 190 190 124 124 124 124 124 124 122 120 120 120 Overloaded Moves . | . . . . . . . . . . . . . . . Propulsion Burnouts . | . . . . . . . . . . . . . . . Robots Hopped . | . . . . . . . . . . . . . . . Cave-ins Triggered . | . . . . . . . . . . . . . . . Exploration Rate (%) 62 | 3 98 81 73 96 6 69 54 69 82 23 87 69 90 39 Regions Visited 14 Branch Regions 9 Pre-discovered Areas 10 | . 1 5 1 . . 1 . 1 1 . . . . . Known Exits Taken 11 | . . 1 1 . 1 1 1 1 1 1 1 1 1 . Unknown Exits Taken 3 | 1 1 . . 1 . . . . . . . . . . Scrap Searched 6 | . . . . . . 1 2 . 3 . . . . . Spaces Dug 26 | . . . . 4 . 7 . . 11 4 . . . . Terrain Destroyed 308 | . 29 7 3 34 . 51 . . 41 6 100 5 9 23 Melee . | . . . . . . . . . . . . . . . Projectile 105 | . . . 3 21 . 7 . . 20 6 18 5 8 17 AOE 203 | . 29 7 . 13 . 44 . . 21 . 82 . 1 6 Terrain Rammed . | . . . . . . . . . . . . . . . Walls Destroyed . | . . . . . . . . . . . . . . . Machines Disabled . | . . . . . . . . . . . . . . . Actions | -11 -10 -9 -8 -8 -7 -7 -7 -7 -6 -6 -6 -6 -6 -6 --------- Run | Yrd Mat Mat Mat Sto Fac Low Low Dat Pro Fac Ext Cet Arc Hub Total 12107 | 58 1134 1429 1541 1477 187 778 317 79 865 1396 1755 341 243 507 Wait 2513 | . 147 343 533 697 19 137 . . 64 267 193 44 25 44 Move 8333 | 48 859 931 900 677 142 602 311 79 749 1028 1213 237 180 377 Hop . | . . . . . . . . . . . . . . . Pick Up 78 | 4 17 14 10 6 7 1 . . 2 5 6 4 . 2 Fast Attach 54 | 6 5 7 8 5 . . . . . 7 8 5 . 3 Attach 22 | . 1 6 2 . 2 . . . . 6 . 1 . 4 Detach 1 | . . . 1 . . . . . . . . . . . Swap 190 | . 22 19 18 22 6 14 3 . 11 22 33 10 . 10 Drop 124 | . 14 16 17 12 7 1 1 . 2 12 24 15 . 3 Fire 559 | . 66 92 48 45 4 23 2 . 37 42 87 25 31 57 Melee . | . . . . . . . . . . . . . . . Ram . | . . . . . . . . . . . . . . . Kick 32 | . 3 1 4 5 . . . . . 6 . . 6 7 Crush . | . . . . . . . . . . . . . . . Escape Stasis 9 | . . . . 8 . . . . . 1 . . . . Rewire 192 | . . . . . . . . . . . 191 . 1 . Trap . | . . . . . . . . . . . . . . . Miscellaneous . | . . . . . . . . . . . . . . . Route ------- -11/Scrapyard -10/Materials (discovered 4 exits: *Mat x3 / [*Min]) -9/Materials (discovered 4 exits: *Mat x3 / [*Min]) -8/Materials (discovered 4 exits: *Fac x3 / *Sto) -8/Storage (discovered 2 exits: *Fac / [*Rec]) -7/Factory (discovered 2 exits: *Low x2) -7/Lower Caves -7/Lower Caves -7/Data Miner -6/Proximity Caves -6/Factory -6/Extension (discovered 3 exits: *Fac x2 / *Cet) -6/Cetus (discovered 2 exits: *Fac / *Arc) -6/Archives (discovered 3 exits: *Fac / *Hub x2) -6/Hub_04(d) (discovered 1 exit: *Fac) History --------- Turn | Location | Event 33 | -11/Scrapyard | Discovered new exit (range 14) 74 | -11/Scrapyard | Entered Materials 149 | -10/Materials | Discovered new exit (range 10) 302 | -10/Materials | Build established: Mutant 323 | -10/Materials | Discovered new exit (range 14) 648 | -10/Materials | Discovered new exit (range 9) 975 | -10/Materials | Central database locked down 1070 | -10/Materials | Discovered new exit (range 12) 1495 | -10/Materials | Entered another Materials area 1495 | -9/Materials | Evolved 2 slots: Propulsion x1, Utility x1 2113 | -9/Materials | Discovered new exit (range 6) 2388 | -9/Materials | Build established: Scavenger-Mutant 2429 | -9/Materials | Discovered new exit (range 13) 2537 | -9/Materials | Lost 3 parts (1p2n) 2703 | -9/Materials | Learned Storage emergency access door positions 2759 | -9/Materials | Learned location of Zion (-6) 2765 | -9/Materials | Repaired Med. Armor Plating 2804 | -9/Materials | Repaired Reactive Plating 2807 | -9/Materials | Loaded intel: 2 repair station locations 2831 | -9/Materials | Repaired Aluminum Leg 2843 | -9/Materials | Learned Storage emergency access door positions 2886 | -9/Materials | Learned location of Mines (-9) 2915 | -9/Materials | Learned location of Recycling (-8) 2955 | -9/Materials | Identified exit to Materials 3142 | -9/Materials | Build established: Mutant 3675 | -9/Materials | Entered another Materials area 3675 | -8/Materials | Evolved 2 slots: Propulsion x1, Utility x1 3676 | -8/Materials | Identified exit to Storage 3868 | -8/Materials | Repaired Imp. Ion Engine 3896 | -8/Materials | Repaired Aluminum Leg 3935 | -8/Materials | Repaired Reactive Plating 3962 | -8/Materials | Repaired Aluminum Leg 4171 | -8/Materials | Discovered new exit (range 4) 4667 | -8/Materials | Build established: Scavenger-Mutant 4821 | -8/Materials | Discovered new exit (range 9) 5083 | -8/Materials | Discovered new exit (range 16) 5220 | -8/Materials | Learned Storage security intel 5273 | -8/Materials | Learned location of 1 exit from Lower Caves 5316 | -8/Materials | Learned location of Extension (-6) 5347 | -8/Materials | Learned Factory trap positions 5370 | -8/Materials | Learned 2 Lower Caves zone layouts 5381 | -8/Materials | Learned 2 Lower Caves zone layouts 5384 | -8/Materials | Learned Factory terminal intel 5416 | -8/Materials | Learned 2 Lower Caves zone layouts 5434 | -8/Materials | Build established: Mutant 5481 | -8/Materials | Learned 2 Lower Caves zone layouts 5489 | -8/Materials | Entered Storage 5569 | -8/Storage | Repaired Broken Imp. Aluminum Leg 5609 | -8/Storage | Repaired Carbon-fiber Leg 6646 | -8/Storage | Assisted by bots powering up and referring to "LRC-V3" 6875 | -8/Storage | Used back door to open Recycling access 6875 | -8/Storage | Discovered new exit (range 5) 6960 | -8/Storage | Build established: Commander-Mutant 7105 | -8/Storage | Discovered new exit (range 16) 7152 | -8/Storage | Entered Factory 7152 | -7/Factory | Accompanied by 5 allies 7152 | -7/Factory | Evolved 2 slots: Propulsion x1, Utility x1 7153 | -7/Factory | Identified exit to Lower Caves 7154 | -7/Factory | Loaded intel: 128 trap records 7155 | -7/Factory | Loaded intel: 26 terminal locations 7262 | -7/Factory | Lost 4 allies 7357 | -7/Factory | Fabricated Hvy. Phase Cannon (x2) 7375 | -7/Factory | Entered Lower Caves 7375 | -7/Lower Caves | Accompanied by 1 ally 7376 | -7/Lower Caves | Encountered a Warlord checkpoint 7376 | -7/Lower Caves | Identified exit to Lower Caves 7514 | -7/Lower Caves | Build established: Mutant 7772 | -7/Lower Caves | Spotted B-75 Beast 8138 | -7/Lower Caves | Attracted the attention of an 0b10 checkpoint 8338 | -7/Lower Caves | Entered another Lower Caves area 8607 | -7/Lower Caves | Encountered a Warlord checkpoint 8727 | -7/Lower Caves | Discovered new exit (range 6) 8732 | -7/Lower Caves | Identified exit to Data Miner 8735 | -7/Lower Caves | Entered Data Miner 8735 | -7/Data Miner | Discovered new exit (range 6) 8744 | -7/Data Miner | Identified exit to Proximity Caves 8763 | -7/Data Miner | Met Data Miner 8785 | -7/Data Miner | Learned location of Section 7 (-3) 8785 | -7/Data Miner | Acquired the access code to Warlord's prototype stash 8807 | -7/Data Miner | Received God Mode back door access code from Data Miner 8833 | -7/Data Miner | Entered Proximity Caves 9038 | -6/Proximity Caves | Attracted the attention of an 0b10 checkpoint 9749 | -6/Proximity Caves | Spotted B-75 Beast 9921 | -6/Proximity Caves | Discovered new exit (range 6) 9926 | -6/Proximity Caves | Identified exit to Factory 9937 | -6/Proximity Caves | Entered Factory 9937 | -6/Factory | Evolved 2 slots: Utility x2 10645 | -6/Factory | Repaired Reactive Plating? 10775 | -6/Factory | Repaired Mak. Light Armor Plating 11057 | -6/Factory | Lost 4 parts (1p1n2w) 11337 | -6/Factory | First assault squad dispatched 11361 | -6/Factory | Incoming assault squad redirected 11507 | -6/Factory | Discovered new exit (range 10) 11661 | -6/Factory | Identified exit to Extension 11662 | -6/Factory | Entered Extension 12104 | -6/Extension | Rescued A7 12377 | -6/Extension | Rescued a captive Derelict 12493 | -6/Extension | Build established: Scavenger-Mutant 12811 | -6/Extension | Spotted B-75 Beast 12819 | -6/Extension | Build established: Commander-Mutant 12826 | -6/Extension | Allies destroyed B-75 Beast 12847 | -6/Extension | Spotted B-75 Beast 12856 | -6/Extension | Allies destroyed B-75 Beast 12887 | -6/Extension | Disrupted transfer network 12902 | -6/Extension | Lost 3 allies 12902 | -6/Extension | Discovered new exit (range 3) 12903 | -6/Extension | Identified exit to Factory 13027 | -6/Extension | Disrupted transfer network 13230 | -6/Extension | Build established: Scavenger-Mutant 13412 | -6/Extension | First assault squad dispatched 13430 | -6/Extension | Incoming assault squad redirected 13440 | -6/Extension | Incoming assault squad redirected 13513 | -6/Extension | Incoming assault squad redirected 13538 | -6/Extension | Lost 4 allies 13560 | -6/Extension | Rescued a captive Derelict 13560 | -6/Extension | Rescued a captive Derelict 13710 | -6/Extension | Rescued a captive Derelict 13712 | -6/Extension | Rescued a captive Derelict 13740 | -6/Extension | Discovered exit to Factory (range 10) 13754 | -6/Extension | Discovered new exit (range 6) 13786 | -6/Extension | Identified exit to Cetus 13811 | -6/Extension | Entered Cetus 13811 | -6/Cetus | Accompanied by 6 allies (A7) 13813 | -6/Cetus | Lost 3 allies 13816 | -6/Cetus | Acquired a Cetus Manufacturing Module code from A7 13829 | -6/Cetus | Spotted Cetus Guard 13829 | -6/Cetus | Spotted Cetus Guard 13831 | -6/Cetus | Spotted Cetus Guard 13831 | -6/Cetus | Spotted Cetus Guard 13844 | -6/Cetus | Allies destroyed Cetus Guard 13849 | -6/Cetus | Allies destroyed Cetus Guard 13850 | -6/Cetus | Destroyed Cetus Guard 13916 | -6/Cetus | Started Cetus Manufacturing Module 13941 | -6/Cetus | Manufactured an Enhanced Grunt 13966 | -6/Cetus | Manufactured an Enhanced Grunt 13991 | -6/Cetus | Manufactured an Enhanced Grunt 13997 | -6/Cetus | Extracted ID and sensor layout for unrecognized location from A7's data core 14016 | -6/Cetus | Manufactured an Enhanced Grunt 14041 | -6/Cetus | Manufactured an Enhanced Grunt 14063 | -6/Cetus | Discovered new exit (range 16) 14117 | -6/Cetus | Spotted Cetus Guard 14117 | -6/Cetus | Spotted Cetus Guard 14120 | -6/Cetus | Spotted Cetus Guard 14120 | -6/Cetus | Spotted Cetus Guard 14138 | -6/Cetus | Allies destroyed Cetus Guard 14142 | -6/Cetus | Destroyed Cetus Guard 14143 | -6/Cetus | Allies destroyed Cetus Guard 14154 | -6/Cetus | Destroyed Cetus Guard 14167 | -6/Cetus | Lost 4 allies 14180 | -6/Cetus | Discovered exit to Factory (range 16) 14186 | -6/Cetus | Met Revision 17 14229 | -6/Cetus | Identified exit to Archives 14234 | -6/Cetus | Entered Archives 14234 | -6/Archives | Accompanied by 4 allies 14300 | -6/Archives | Discovered new exit (range 16) 14385 | -6/Archives | Discovered new exit (range 15) 14430 | -6/Archives | Discovered exit to Factory (range 15) 14583 | -6/Archives | Identified exit to Hub_04(d) 14589 | -6/Archives | Entered Hub_04(d) 14589 | -6/Hub_04(d) | Accompanied by 3 allies 14628 | -6/Hub_04(d) | Incoming investigation squad redirected 14708 | -6/Hub_04(d) | Discovered exit to Factory (range 11) 14939 | -6/Hub_04(d) | First assault squad dispatched 15001 | -6/Hub_04(d) | Core integrity fell below 50% 15034 | -6/Hub_04(d) | Lost 3 parts (1n2w) 15205 | -6/Hub_04(d) | Network Hub disabled 15234 | -6/Hub_04(d) | Spotted Lightning 15234 | -6/Hub_04(d) | Spotted Lightning 15234 | -6/Hub_04(d) | Spotted Lightning 15237 | -6/Hub_04(d) | Spotted Lightning 15241 | -6/Hub_04(d) | Network Hub disabled 15242 | -6/Hub_04(d) | Spotted Lightning 15243 | -6/Hub_04(d) | Spotted Lightning 15247 | -6/Hub_04(d) | System corruption reached 10% 15248 | -6/Hub_04(d) | Released all parts (7) 15250 | -6/Hub_04(d) | Core integrity fell below 20% 15257 | -6/Hub_04(d) | Destroyed by Lightning with EMDS Last Messages --------------- 15246_ Quantum Reactor destroyed. 15246_ Transmission Jammer destroyed. 15247_ Penetrated by EMDS Slug. 15247_ Hvy. Rocket Launcher destroyed. 15247_ Penetrated by EMDS Slug. 15247_ Adv. Particle Charger destroyed. 15248_ Released Flexi-carbon Leg. 15248_ Released Adv. Signal Interpreter. 15248_ Released Lrg. Storage Unit. 15248_ Released Adv. Targeting Computer. 15248_ Released Enh. Flexi-carbon Leg. 15248_ Released Hvy. Laser. 15248_ Released Adv. Sensor Array. 15249_ Penetrated by EMDS Slug. 15251_ EMDS Slug penetrates Wall. 15253_ Acquired 16 matter. 15254_ Penetrated by EMDS Slug. 15255_ EMDS Slug penetrates Control Node. 15255_ EMDS Slug penetrates Wall. 15257_ EMDS Slug penetrates Control Node. Map ----- +----------------------------------------------------+ | ?????????????????????????????????????????????????? | | ?????????????????????????????????????????????????? | | ?????????????????????????????????????????????????? | | ?????????????????????????????????????????????????? | | ?????????????????????????????????????????????????? | | ?????????????????????????????????????????????????? | | ?????????????????????????????????????????????????? | | ?????#########???????????????????????????????????? | | ?? ????????????????????????????????? | | #???????????????????????????????? | | """"""""""""" #???????????????????????????????? | | " " #??????????????????????????###### | | " [" #??????????????????????????# ]] | | " " #??????????????????????????# !] " | | " " #???????????????????# ????# " | | " " #???????????????????# ?? + " | | " " ####?? ???????????# ?# | | " " # ? ???????????# # " " | | " " ## #" ???????????? ? + " " | | " [ ## #" ???????????? ????# " " | | " **= ## #" ???????????? ????# = | | """""===!! #""""?????????????? ????###### | | #"""""""!!=; ######????####???# #??????### | | " !; i h =%= ###### #####/#####??# | | " ; h / !=%*%!## #??# # | | " ; h @###"""####%## """ #### # | | " ; #?#####??#!## / # | | " ; #????????# ## """ ####?? | | " " #????????# ## #????? | | " " #????????# ## "" #????? | | " " #????????# + #????? | | " " #????????#### """ #????? | | = " " % ! ! #???????????# #????? | | %! " "###h#####;######???????????# """ #????? | | * " #### # %*% #????????????# #### # | | ###"###" # = %! #????????????# """ + | | ??# #?#" " """ % #????????????# ###### | | ??# ###"""### # """" #????????????# """ #????? | | ??# ## # # """" #????????????# #????? | | ??# ## # # """" #?????##########+###????? | | ??# ## # # #?????# + ######## | | ??# #" # + #?????# # # | | ??# #" ! ##############?????# " # """" " | | ??# ## ## #?????????# !! # # """" " | | ??# ## """ ## #?????????# !! # # """" " | | ??# ## """" ## #?????????# # # """" " | | ??# ## """" ## ##????????# # %" | | ??# + """" #######+## ????????# + + | | ??#### #?# ????????# """" # # | | ?????# #?# ????????+ """" # # | +----------------------------------------------------+ Best States ------------- Heat Dissipation 83 Energy Generation 25 Energy Capacity 500 Matter Stores 300 Matter Capacity 300 Sight Range 16 Robot Scan Range 16 Terrain Scan Density 10 Jamming Range 12 Armor Coverage 450 Resistance: KI 20 Propulsion Shielding 33 Phase Shifting 5 Evasion (%) 60 Targeting Accuracy 8 Particle Charging 25 Item Schematics ----------------- Combat Drone Bay | -7/Data Miner | Free Lgt. Regenerative Plating | -7/Data Miner | Free Cld. Aerolev Unit | -7/Data Miner | Free Gravity Neutralizer | -7/Data Miner | Free Cld. Plasma Cannon | -7/Data Miner | Free Antigrav System | -7/Data Miner | Free Imp. Component Analysis Suite | -7/Data Miner | Free Adv. Plasma Cannon | -7/Data Miner | Free Wave Gun | -7/Data Miner | Free Imp. Arc Projector | -7/Data Miner | Free Adv. Hardlight Generator | -7/Data Miner | Free Adv. Reaction Control System | -7/Data Miner | Free Robot Schematics ------------------ G-47 Trooper | -7/Data Miner | Free Y-54 Guardian | -7/Data Miner | Free H-55 Commando | -7/Data Miner | Free L-41 Fighter | -7/Data Miner | Free A-15 Conveyor | -7/Data Miner | Free G-50 Soldier | -7/Data Miner | Free Fabricated ------------ Hvy. Phase Cannon | x2 | -7/Factory | Preloaded Alien Tech Used ----------------- None Achievements -------------- None Challenges ------------ None Game ------ Seed FireDataSegregator Manual? 0 Play Time 02:42:52 Cumulative 105.5 hours Start 2024.09.17 @ 11:05:02 End 2024.09.17 @ 13:59:58 Sessions 1 Manual Loads 0 Difficulty Rogue Special Mode None Game No. 48 Rogue 48 Adventurer 0 Explorer 0 Win Type - Total 3 Types 2/0/0/1/0/0/0/0/0 Lore% 46 Gallery% 49 Achievement% 45 Wizard Run 0 Options --------- Layout 1 ASCII 0 Keyboard 0 Movement Vi Keybinds 0 Fullscreen 1 Font 24/Smallcaps Map View 50x35 Zoom Use 0% Tactical HUD 1 Map Filters NONE Filters NONE Steam 1 RUN: 37608fab-1494-4dea-84b0-b526b3c40d9b